 Dungeon Crawl Stone Soup version 0.24.0-35-gdb84b6a5db (webtiles) character file.

Game seed: 2056116556030184091, levelgen mode: deterministic

50 Delamore the Cudgeler (level 3, -1/21 HPs)
             Began as a Gargoyle Gladiator on Nov 17, 2019.
             Slain by a worm (6 damage)
             ... on level 2 of the Dungeon.
             The game lasted 00:01:36 (1279 turns).

Delamore the Cudgeler (Gargoyle Gladiator)          Turns: 1279, Time: 00:01:36

Health: -1/21      AC:  7    Str: 18    XL:     3   Next: 79%
Magic:  3/3        EV: 12    Int:  8    God:
Gold:   56         SH:  0    Dex: 11    Spells: 2/2 levels left

rFire    . . .     SeeInvis .   a - +0 flail
rCold    . . .     Gourm    .   (no shield)
rNeg     + . .     Faith    .   b - +0 leather armour
rPois    ∞         Spirit   .   c - +0 helmet
rElec    +         Reflect  .   (no cloak)
rCorr    .         Harm     .   (no gloves)
MR       .....                  (no boots)
Stlth    +.........             (no amulet)
HPRegen  0.07/turn              (no ring)
MPRegen  0.08/turn              (no ring)

@: no status effects
A: negative energy resistance 1, electricity resistance, unbreathing,
petrification resistance, rot immunity, AC +3
a: no special abilities


You were on level 2 of the Dungeon.
You were not hungry.

You visited 1 branch of the dungeon, and saw 2 of its levels.

You collected 56 gold pieces.

Inventory:

Hand Weapons
 a - a +0 flail (weapon)
Missiles
 d - 3 throwing nets (quivered)
Armour
 b - a +0 leather armour (worn)
 c - a +0 helmet (worn)
Jewellery
 h - an uncursed ring of ice
 n - a +3 ring of slaying {unknown}
Scrolls
 e - 7 scrolls of identify {unknown}
 g - a scroll of blinking {unknown}
 i - a scroll of enchant armour {unknown}
 k - a scroll of noise {unknown}
 l - a scroll of magic mapping {unknown}
 m - a scroll of remove curse {unknown}
Potions
 j - a potion of curing {unknown}
Comestibles
 f - 2 rations


   Skills:
 - Level 2.1 Fighting
 + Level 4.6 Maces & Flails
 - Level 1.7 Throwing
 - Level 2.4 Dodging


You had 2 spell levels left.
You didn't know any spells.
Your spell library was empty.

Dungeon Overview and Level Annotations

Branches:
Dungeon (2/15)

Altars:


Innate Abilities, Weirdness & Mutations

You are resistant to torment.
Your stone body is resilient. (AC +3)
You are immune to poison.
You resist negative energy. (rN+)
You are resistant to electric shocks. (rElec)
You can survive without breathing.
You are immune to petrification.
You are immune to rotting.


Message History

You are too injured to fight recklessly!
There is an open door here.
You barely miss the goblin. The goblin barely misses you.
You sock the goblin!
You kill the goblin!
The worm misses you.
There is an open door, spattered with blood here.
You see here a cursed -1 dagger.
The worm bites you but does no damage.
There is an open door, spattered with blood here.
You see here a cursed -1 dagger.
You hit the worm but do no damage.
The worm is moderately wounded.
The worm closely misses you.
You hit the worm.
The worm is moderately wounded.
You hit the worm but do no damage.
The worm is moderately wounded.
The worm bites you.
You die...

.............#
##+##........# ####
####...).# #?.#
#..###...# #..#
#..#.##..# #..#
#..#()'..# #. #..#
#..#.##..# #..# #.w#
#..###...# #...##@#
#÷##.....#
#.....#####.......##
#..#............###
##...........####
#############


You could see a worm.

Vanquished Creatures
  A gnoll (D:2)
  An adder (D:1)
  A dart slug (D:1)
  A leopard gecko (D:1)
  A bat (D:1)
  2 giant cockroaches (D:1)
  4 goblins
  A hobgoblin (D:2)
  5 jackals (D:1)
  A frilled lizard (D:1)
  5 kobolds (D:1)
  4 rats
27 creatures vanquished.

Notes
Turn   | Place    | Note
-------+----------+-------------------------------------------
     0 | D:1      | Delamore the Gargoyle Gladiator began the quest for the
                  | Orb.
     0 | D:1      | Reached XP level 1. HP: 12/12 MP: 1/1
   320 | D:1      | Reached XP level 2. HP: 17/17 MP: 2/2
   538 | D:1      | Reached skill level 4 in Maces & Flails
   785 | D:1      | Reached XP level 3. HP: 21/21 MP: 3/3
  1279 | D:2      | Slain by a worm

Levels and vault maps discovered:
D:1:      ebering_hopf_link, layout_loops_ring, minmay_misc_feat_nine_boxes
D:2:      layout_rooms, lemuel_crystal_altar,
          chequers_ecumenical_altar_simple_redux, dk_noncrumbling_3,
          minmay_divided_ellipse

Skill      XL: |  1  2 |
---------------+-------+-----
Maces & Flails | 4 |  4.6
Fighting       | |  2.1
Throwing       | |  1.7
Dodging        | |  2.4

Action                   || total
-------------------------++-------
Melee: Flail             ||   122
  Eat: Chunk             ||     1
Armor: Leather armour    ||    57
Dodge: Dodged            ||    99
